 Dungeon Crawl Stone Soup version 0.26.1-11-gd32895ea62 (webtiles) character file.

Game seed: 8271033637115872296

9361 Bergy the Basher (level 11, -5/66 HPs)
             Began as a Gargoyle Fighter on July 12, 2021.
             Slain by a phantasmal warrior (21 damage)
             ... on level 12 of the Dungeon.
             The game lasted 00:36:40 (9762 turns).

Bergy the Basher (Gargoyle Fighter)                 Turns: 9762, Time: 00:36:40

Health: -5/66      AC: 29    Str: 27    XL:     11   Next: 45%
Magic:  11/11      EV:  9    Int:  8    God:
Gold:   542        SH: 18    Dex: 17    Spells: 10/10 levels left

rFire    . . .     SeeInvis .   M - +2 whip of Obsession {protect, Str+3}
rCold    + + .     Faith    .   c - +0 kite shield
rNeg     + + .     Spirit   .   b - +0 scale mail
rPois    ∞         Reflect  +   q - +2 helmet
rElec    +         Harm     .   r - +1 cloak {Stlth+}
rCorr    .         Rampage  .   (no gloves)
Will     .....                  J - +0 pair of boots of Panentheism {*Drain rC++ rN+ Dex+2}
Stlth    ..........             x - amulet of reflection
HPRegen  0.21/turn              g - +6 ring of dexterity
MPRegen  0.12/turn              (no ring)

@: mighty, weak-willed, protection aura
A: negative energy resistance 1, electricity resistance, unbreathing,
petrification resistance, miasma immunity, AC +8
a: no special abilities


You were on level 12 of the Dungeon.
You visited 2 branches of the dungeon, and saw 13 of its levels.

You collected 542 gold pieces.

Inventory:

Hand Weapons
 K - a +5 mace
 M - the +2 whip of Obsession (weapon) {protect, Str+3}
   (You found it on level 10 of the Dungeon)

   It grants its wielder temporary protection when it strikes (+7 to AC).
   It affects your strength (+3).
Missiles
 j - 5 silver javelins (quivered)
Armour
 b - a +0 scale mail (worn)
 c - a +0 kite shield (worn)
 q - a +2 helmet (worn)
 r - a +1 cloak of stealth (worn)
 F - a +0 plate armour
 J - the +0 pair of boots of Panentheism (worn) {*Drain rC++ rN+ Dex+2}
   (You found it on level 4 of the Dungeon)

   It affects your dexterity (+2).
   It greatly protects you from cold.
   It protects you from negative energy.
   It causes draining when unequipped.
Jewellery
 g - a +6 ring of dexterity (left hand)
 o - a cursed ring of attention {unknown}
 p - an uncursed ring of stealth
 x - an amulet of reflection (around neck)
Wands
 z - a wand of paralysis (18)
 H - a wand of flame (28)
 P - a wand of disintegration (16)
Scrolls
 e - 5 scrolls of identify
 f - a scroll of holy word {unknown}
 i - 6 scrolls of teleportation
 k - 2 scrolls of blinking
 t - a scroll of enchant armour {unknown}
 y - 4 scrolls of remove curse {unknown}
 A - 5 scrolls of amnesia {unknown}
 B - 2 scrolls of immolation
 D - a scroll of random uselessness {unknown}
 G - 2 scrolls of silence {unknown}
 O - a scroll of fear {unknown}
Potions
 a - a potion of berserk rage {unknown}
 h - a potion of attraction {unknown}
 l - a potion of brilliance {unknown}
 m - 3 potions of flight
 n - 2 potions of heal wounds {unknown}
 s - 2 potions of mutation {unknown}
 u - 2 potions of lignification
 v - 2 potions of degeneration {unknown}
 w - a potion of cancellation {unknown}
 C - a potion of ambrosia {unknown}
 E - 2 potions of magic {unknown}
 I - a potion of haste {unknown}
 L - a potion of curing
Miscellaneous
 N - a condenser vane


   Skills:
 + Level 6.9 Fighting
 - Level 12.2 Maces & Flails
 + Level 6.5 Armour
 + Level 11.3 Shields


You had 10 spell levels left.
You didn't know any spells.
Your spell library contained the following spells:

 Spells                   Type           Power        Failure   Level
 Summon Demon             Summ           0%           100%        5
 Summon Forest            Summ/Tloc      0%           100%        5
 Summon Mana Viper        Hex/Summ       0%           100%        5
 Shadow Creatures         Summ           N/A          100%        6
 Summon Hydra             Summ           0%           100%        7


Dungeon Overview and Level Annotations

Branches:
Dungeon (12/15)            Temple (1/1) D:6             Orc (0/2) D:12
   Lair: D:8-11

Altars:
Ashenzari
Cheibriados
Dithmenos
Elyvilon
Fedhas
Gozag
Hepliaklqana
Kikubaaqudgha
Nemelex Xobeh
Okawaru
Ru
Sif Muna
Trog
Uskayaw
Vehumet
Wu Jian
Xom
Yredelemnul
Zin
The Shining One

Shops:
D:12 }

Annotations:
D:11 3 runed translucent doors, ciphuk's ghost, journeyman NaFi; tamionv's ghost, journeyman MfBe


Innate Abilities, Weirdness & Mutations

You are resistant to torment.
Your stone body is resilient. (AC +8)
You are immune to poison.
You resist negative energy. (rN+)
You are resistant to electric shocks. (rElec)
You can survive without breathing.
You are immune to petrification.
You are immune to miasma.


Message History

You closely miss the phantasmal warrior.
The phantasmal warrior is lightly damaged.
The phantasmal warrior hits you!
* * * LOW HITPOINT WARNING * * *
You closely miss the phantasmal warrior.
The phantasmal warrior is lightly damaged.
You feel very mighty all of a sudden.
You block the phantasmal warrior's attack.
You completely miss the phantasmal warrior.
The phantasmal warrior is lightly damaged.
The phantasmal warrior hits you.
* * * LOW HITPOINT WARNING * * *
You whack the phantasmal warrior!
The phantasmal warrior is moderately damaged.
The phantasmal warrior hits you!
* * * LOW HITPOINT WARNING * * *
You closely miss the phantasmal warrior.
The phantasmal warrior is moderately damaged.
You feel better. The phantasmal warrior hits you!!
You die...

#.......# .......# .......
###################.....#
......#...#...#...#.....#
......#...'...'...#.....#.....#
......#...#...#W).#.....#.....#
......##'#######@##.....#.....#
......#.. #$.$#...#.....+.....#
......#.D #...#...'.)...#.....#
......#.. #$.|#...#.....#.....+
...(..##' ##'###'##.....#.....#
......#.. #.. #.).#.....'.....#
'###### .'. #.(.#.....#..##+#
...#..# .# #...#######..#
...#..### ######## #.....#


You could see a phantasmal warrior.

Vanquished Creatures
  Erolcha (D:12)
  A centaur warrior (D:12)
  2 two-headed ogres
  A deep elf mage (D:12)
  A centaur zombie (D:11)
  A gargoyle (D:10)
  Psyche (D:10)
  2 trolls
  A hornet (D:9)
  A slime creature (D:12)
  A wraith (D:12)
  3 vampire mosquitoes (D:11)
  A soldier ant (D:11)
  An acid dragon (D:11)
  An orc warrior (D:11)
  A sky beast (D:6)
  A black bear (D:9)
  3 phantoms
  9 centaurs
  6 ogres
  A big kobold (D:9)
  4 bullfrogs
  A scorpion (D:5)
  12 wights
  A bullfrog zombie (D:9)
  A quasit (D:6)
  3 jellies
  Crazy Yiuf (D:3)
  3 hounds
  A bullfrog skeleton (D:11)
  6 orc priests
  6 iguanas
  6 worker ants
  7 orc wizards
  A hound zombie (D:8)
  A hound skeleton (D:6)
  A worker ant zombie (D:11)
  Robin (D:2)
  12 adders
  A shadow imp (D:8)
  3 white imps
  An adder skeleton (D:6)
  A worm (D:3)
  4 dart slugs
  A leopard gecko (D:6)
  23 orcs
  A ball python (D:2)
  2 bats
  A giant cockroach (D:5)
  14 hobgoblins
  2 jackals (D:9)
  4 quokkas
  2 frilled lizards
  11 goblins
  A jackal zombie (D:6)
  7 kobolds
  A quokka zombie (D:6)
  2 rats (D:1)
190 creatures vanquished.

Vanquished Creatures (others)
  A plant (D:10)
1 creature vanquished.

Grand Total: 191 creatures vanquished

Notes
Turn   | Place    | Note
-------+----------+-------------------------------------------
     0 | D:1      | Bergy the Gargoyle Fighter began the quest for the Orb.
     0 | D:1      | Reached XP level 1. HP: 14/14 MP: 1/1
   535 | D:1      | Reached XP level 2. HP: 19/19 MP: 2/2
   707 | D:2      | Reached skill level 3 in Maces & Flails
   791 | D:2      | Noticed Robin
   821 | D:2      | Reached XP level 3. HP: 13/23 MP: 3/3
   839 | D:2      | Killed Robin
  1045 | D:2      | Reached skill level 4 in Maces & Flails
  1265 | D:2      | Found a broken altar of Ashenzari.
  1271 | D:2      | Found a white marble altar of Elyvilon.
  1273 | D:2      | Found an ornate altar of the Wu Jian Council.
  1273 | D:2      | Found an ancient bone altar of Kikubaaqudgha.
  1273 | D:2      | Found an opulent altar of Gozag.
  1276 | D:2      | Found a basalt altar of Yredelemnul.
  1286 | D:2      | Found a glowing silver altar of Zin.
  1292 | D:2      | Found a radiant altar of Vehumet.
  1293 | D:2      | Found a shimmering blue altar of Sif Muna.
  1422 | D:3      | Reached XP level 4. HP: 26/28 MP: 4/4
  1470 | D:3      | Found a runed translucent door.
  1471 | D:3      | Noticed Crazy Yiuf
  1477 | D:3      | Killed Crazy Yiuf
  1765 | D:3      | Reached skill level 5 in Maces & Flails
  1768 | D:3      | Reached XP level 5. HP: 32/32 MP: 5/5
  2241 | D:4      | Noticed an ogre
  2259 | D:5      | Entered Level 5 of the Dungeon
  2368 | D:5      | Noticed a phantom
  2388 | D:5      | Killed a phantom
  2389 | D:5      | Reached skill level 6 in Maces & Flails
  2389 | D:5      | Reached XP level 6. HP: 16/37 MP: 6/6
  2764 | D:5      | Noticed a phantom
  2782 | D:5      | Killed a phantom
  2783 | D:5      | Reached skill level 7 in Maces & Flails
  2834 | D:5      | Reached XP level 7. HP: 36/41 MP: 7/7
  3058 | D:5      | Reached skill level 8 in Maces & Flails
  3755 | D:4      | Reached skill level 9 in Maces & Flails
  3755 | D:4      | Reached XP level 8. HP: 32/46 MP: 8/8
  4017 | D:4      | Got a pair of shimmering boots
  4019 | D:4      | Identified the +0 pair of boots of Panentheism {*Drain rC++
                  | rN+ Dex+2} (You found it on level 4 of the Dungeon)
  4619 | D:6      | Found a staircase to the Ecumenical Temple.
  4639 | Temple   | Entered the Ecumenical Temple
  4830 | D:6      | Reached skill level 10 in Maces & Flails
  5507 | D:6      | Found a glowing golden altar of the Shining One.
  5569 | D:6      | Reached skill level 11 in Maces & Flails
  5788 | D:6      | Reached XP level 9. HP: 51/51 MP: 9/9
  6170 | D:6      | Found a hide-covered altar of Uskayaw.
  6258 | D:7      | You fall into a shaft and drop 3 floors!
  6258 | D:10     | Entered Level 10 of the Dungeon
  6269 | D:10     | Noticed Psyche
  6278 | D:10     | Killed Psyche
  6285 | D:10     | Noticed an elephant
  6297 | D:10     | Noticed a gargoyle
  6439 | D:9      | Reached skill level 12 in Maces & Flails
  6536 | D:9      | You fall into a shaft and drop 1 floor!
  6636 | D:10     | Got a dazzling whip
  6637 | D:10     | Identified the +2 whip of Obsession {protect, Str+3} (You
                  | found it on level 10 of the Dungeon)
  6706 | D:10     | Killed a gargoyle
  6830 | D:9      | Noticed a two-headed ogre
  6850 | D:9      | Killed a two-headed ogre
  6851 | D:9      | Reached XP level 10. HP: 48/56 MP: 10/10
  7031 | D:9      | Reached skill level 5 in Armour
  7352 | D:8      | You fall into a shaft and drop 3 floors!
  7478 | D:11     | Reached skill level 5 in Fighting
  8197 | D:11     | Found a runed translucent gate.
  8197 | D:11     | Found a runed translucent gate.
  8199 | D:11     | Found a runed translucent gate.
  8201 | D:11     | Noticed tamionv's ghost (journeyman MfBe)
  8204 | D:11     | Noticed ciphuk's ghost (journeyman NaFi)
  8968 | D:12     | Reached XP level 11. HP: 64/64 MP: 11/11
  9004 | D:12     | Found Usmeph's Gadget Emporium.
  9122 | D:12     | Found a staircase to the Orcish Mines.
  9143 | D:12     | Noticed Erolcha
  9178 | D:12     | Killed Erolcha
  9179 | D:12     | Reached skill level 10 in Shields
  9467 | D:12     | Noticed a phantasmal warrior
  9467 | D:12     | Noticed a two-headed ogre
  9488 | D:12     | Killed a two-headed ogre
  9495 | D:12     | Noticed a centaur warrior
  9512 | D:12     | Killed a centaur warrior
  9541 | D:12     | Noticed a deep elf mage
  9558 | D:12     | Killed a deep elf mage
  9731 | D:12     | Noticed a fire dragon
  9762 | D:12     | Slain by a phantasmal warrior

Illustrated notes

Levels and vault maps discovered:
D:1:      psy_arrival_fountain, layout_basic
D:2:      layout_rooms, minitemple, uniq_robin
D:3:      layout_loops_ring, hex_medium, uniq_crazy_yiuf_cottage
D:4:      layout_basic, grunt_decor_mini_mirrors
D:5:      layout_layer_cave
D:6:      layout_basic, lemuel_coloured_pillars_altar,
          minmay_temple_entry_junction_2, nicolae_tso_swordbearing_angel
D:7:      layout_loops_cross, lemuel_crystal_altar, nicolae_ossuary_entry_plus,
          eino_jars
D:8:      layout_basic
D:9:      layout_rooms, nicolae_overflow_hidden_temple
D:10:     layout_irregular_city, david_lair_generic, uniq_sonja, uniq_psyche
D:11:     layout_loops_corners, gammafunk_ghost_cemetery
D:12:     layout_stronghold, orc_0_dummy, serial_shops, kennysheep_little_box,
          minmay_evil_grid, uniq_erolcha
Temple:   cyrus_temple_forest

Skill      XL: |  1  2  3  4  5  6  7  8  9 10 11 |
---------------+----------------------------------+-----
Maces & Flails | 3 4 5 6 7 9 11 12 | 12.2
Shields        | 6 9 11 | 11.3
Fighting       | 4 6 |  6.9
Armour         | 4 5 6 |  6.5

Action                   |  1- 3 |  4- 6 |  7- 9 | 10-12 || total
-------------------------+-------+-------+-------+-------++-------
Melee: Flail             |   103 |   117 |   172 |       ||   392
       Mace              |       |       |    94 |       ||    94
       Whip              |       |       |    22 |   617 ||   639
  Use: Scroll            |     5 |       |     6 |     1 ||    12
       Potion            |     2 |       |     3 |     3 ||     8
Armor: Scale mail        |    55 |    44 |    98 |   112 ||   309
       Skin              |       |       |     1 |       ||     1
Dodge: Dodged            |    24 |    13 |    46 |    67 ||   150
Block: Kite shield       |    52 |    71 |   205 |   315 ||   643
       Reflection        |       |       |    13 |    16 ||    29
